 Dungeon Crawl Stone Soup version 0.29-a0-82-g837932c90e (webtiles) character file.

Game seed: 11793473995933493115

13 lordive the Insei (level 2, -2/22 HPs)
             Began as a Djinni Transmuter on Feb 4, 2022.
             Slain by a hound (4 damage)
             ... on level 1 of the Dungeon.
             The game lasted 00:01:30 (1141 turns).

lordive the Insei (Djinni Transmuter)               Turns: 1141, Time: 00:01:30

Health: -2/22      AC:  2    Str:  9    XL:     2   Next: 50%
Gold:   0          EV: 12    Int: 14    God:
                   SH:  0    Dex: 13

rFire   + + .      SeeInvis .     - Unarmed
rCold   x . .      Faith    .   (no shield)
rNeg    . . .      Spirit   .   a - +0 robe
rPois   ∞          Reflect  .   (helmet currently unavailable)
rElec   .          Harm     .   (no cloak)
rCorr   .          Rampage  .   (no gloves)
Will    .....                   (boots unavailable)
Stlth   +.........              (no amulet)
HPRegen 0.07/turn               (no ring)
MPRegen 0.00/turn               (no ring)

@: appendages (expiring), wereblooded, flying
A: horns 2, flying, sickness immunity, fire resistance 2, cold vulnerability 1,
float, innate caster, HP casting, extra vitality 1
a: End Transformation


You were on level 1 of the Dungeon.
You had temporarily grown beastly horns.
You visited 1 branch of the dungeon, and saw 2 of its levels.

Inventory:

Armour
 a - a +0 robe (worn)
 d - a +0 leather armour
 e - a +0 plate armour
 f - a +1 ring mail of fire resistance
Jewellery
 c - an amulet of reflection
Scrolls
 b - a scroll of enchant armour {unknown}
 h - a scroll of magic mapping {unknown}
Potions
 g - a potion of mutation {unknown}


   Skills:
 + Level 1.1 Fighting
 + Level 2.3 Dodging
 + Level 3.4 Unarmed Combat
 * Level 1.8 Spellcasting


You couldn't memorise any spells.
You knew the following spells:

 Your Spells              Type           Power      Damage    Failure   Level
a - Beastly Appendage     Tmut           12%        N/A       12%         1
b - Wereblood             Tmut           6%         N/A       17%         2
c - Spider Form           Tmut/Pois      6%         N/A       34%         3
d - Ice Form              Ice/Tmut       6%         N/A       75%         4
Your spell library was empty.

Dungeon Overview and Level Annotations

Branches:
Dungeon (2/15)

Altars:

Shops:
D:1 [


Innate Abilities, Weirdness & Mutations

You have temporarily grown beastly horns.
You are flying.
You are immune to sickness and miasma.
You are immune to poison.
Your flesh is very heat resistant. (rF++)
You are vulnerable to cold. (rC-)
You float through the air rather than walking.
You learn spells naturally, not from books.
Your magical power is your life essence.
You have superior vitality. (+4 MHP)


Message History

The hound barks!
There is a stone staircase leading up here.
A hound is nearby!
The hound stops to sniff the ground.
The hound bites you. The hound bites you.
You fly upwards.
There is a stone staircase leading down here.
Casting: Beastly Appendage (safe; 12% risk of failure)
Confirm with . or Enter, or press ? or * to list all spells.
You grow a pair of large bovine horns.
The hound closely misses you. x2
Casting: Beastly Appendage (safe; 12% risk of failure)
Confirm with . or Enter, or press ? or * to list all spells.
Your blood is infused with primal strength.
The hound closely misses you.
You barely miss the hound. Your headbutt misses the hound.
The hound bites you. x2
You barely miss the hound. The hound closely misses you.
You barely miss the hound. The hound barely misses you.
The hound bites you but does no damage.
You hit the hound.
The hound is lightly wounded.
The hound barely misses you.
You hit the hound but do no damage. You headbutt the hound!
The hound is severely wounded.
The hound bites you.
* * * LOW HITPOINT WARNING * * *
The hound bites you.
* * * LOW HITPOINT WARNING * * *
You barely miss the hound.
The hound is severely wounded.
The hound barely misses you.
You hit the hound.
The hound is almost dead.
Your transformation is almost over.
The hound closely misses you.
You miss the hound.
You headbutt the hound, but do no damage.
The hound is almost dead.
The hound bites you.
You die...

...##....#.#..##.# #......#
....'....#.##.##.########[.....##
...##....#.......................
...##....#####.#.########......#.
...###.### #.#.# #......##
######.# #.#.# #......# .......#
#...# #......# ###############..#
#......# ...............h@#
######## ##################


You could see a hound.

Vanquished Creatures
  A giant cockroach (D:1)
  A goblin (D:1)
  A hobgoblin (D:1)
  3 ball pythons (D:1)
  2 bats (D:1)
  2 kobolds (D:1)
  2 rats (D:1)
12 creatures vanquished.

Notes
Turn   | Place    | Note
-------+----------+-------------------------------------------
     0 | D:1      | lordive the Djinni Transmuter began the quest for the Orb.
     0 | D:1      | Reached XP level 1. HP: 17/17 MP: 0/0
   355 | D:1      | Found Eshyicuk's Armour Shoppe.
   380 | D:1      | Reached XP level 2. HP: 21/22 MP: 0/0
   401 | D:1      | Found a faded altar of an unknown god.
  1138 | D:1      | HP: 1/22 [hound (5)]
  1141 | D:1      | Slain by a hound

Illustrated notes

Levels and vault maps discovered:
D:1:      scummos_arrival_simple_crosswalls, layout_basic, serial_shops, shop,
          shapermc_ecumenical_altar_mp_vishouse
D:2:      layout_basic, serial_shops, shop, uniq_crazy_yiuf_cottage,
          uniq_sigmund

Action                   || total
-------------------------++-------
Melee: Unarmed           ||    49
       Headbutt          ||     5
 Cast: Beastly Appendage ||     9
       Wereblood         ||     1
Armor: Robe              ||     7
Dodge: Dodged            ||    45

Table legend: (Time is in decaauts)
 A = Elapsed time spent in this place.
 B = Non-inter-level travel time spent in this place.
 C = Inter-level travel time spent in this place.
 D = Time resting spent in this place.
 E = Time spent auto-exploring this place.
 F = Levels seen in this place.
 G = Mean time per level.
                   A        B        C        D        E       F      G
               +--------+--------+--------+--------+--------+-----+--------+
         Total |   1137 |   1119 |     18 |      0 |    961 |   2 |  568.5 |
       Dungeon |   1137 |   1119 |     18 |      0 |    961 |   2 |  568.5 |
               +--------+--------+--------+--------+--------+-----+--------+

Top non-repeatable levels by time:
     D:1: 1131 daAuts
     D:2: 6 daAuts
